Map: 어비설 리프 - 래더

Players

Dark - Winner!

  • Race: Zerg Zerg
  • Spawn Location: 11:00

GuMiho

  • Race: Terran Terran
  • Spawn Location: 5:00

Event: IEM XI Katowice - World Championship 2017

VOD

Have the link to the VOD?

Description

Time

  • Played on: March 3, 2017, 11:37 a.m.
  • Length: 19:14

All games in this series

Show
View Real Time Build Order
Export as new Build Order

Dark Zerg - Winner!

Build Orders: Hatch First 

Get SALT Encoding   

  12  0:00  Drone  
  13  0:13  Overlord  
  13  0:17  Drone  
  14  0:32  Drone x2  
  16  0:38  Drone  
  17  0:52  Hatchery  
  17  0:55  Drone  
  17  0:59  Drone  
  18  1:09  Extractor  
  17  1:15  Spawning Pool  
  17  1:16  Drone  
  17  1:20  Drone  
  18  1:29  Drone  
  19  1:40  Overlord  
  19  2:01  Zergling x4, Queen  
  19  2:04  Queen  
  19  2:05  Drone  
  26  2:09  Metabolic Boost  
  26  2:12  Zergling x2  
  27  2:16  Drone  
  27  2:22  Drone  
  29  2:27  Drone  
  30  2:35  Overlord  
  30  2:37  Queen  
  30  2:40  Drone  
  30  2:44  Drone  
  34  2:48  Pneumatized Carapace  
  34  2:52  Drone  
  34  2:55  Drone  
  36  3:00  Drone  
  37  3:06  Overlord  
  37  3:14  Drone x7  
  44  3:34  Drone x2  
  44  3:35  Drone  
  44  3:36  Hatchery  
  46  3:41  Queen  
  48  3:50  Drone x2  
  48  3:51  Roach Warren  
  48  3:52  Overlord  
  48  3:53  Drone  
  48  3:54  Drone x2  
  52  4:00  Spore Crawler, Extractor  
  52  4:01  Spore Crawler, Extractor  
  48  4:06  Lair  
  48  4:09  Drone  
  49  4:10  Drone  
  49  4:13  Drone  
  49  4:14  Drone  
  49  4:16  Drone  
  53  4:18  Drone  
  53  4:19  Drone  
  53  4:21  Drone  
  56  4:26  Drone  
  56  4:33  Roach x2  
  56  4:34  Overlord  
  56  4:37  Overlord  
  60  4:51  Overlord  
  58  4:55  Overlord  
  58  4:56  Drone x4  
  58  4:57  Drone x3  
  65  5:04  Spore Crawler, Overseer  
  65  5:06  Drone x4  
  68  5:13  Roach x3  
  68  5:14  Drone  
  75  5:17  Queen  
  77  5:24  Drone x2  
  77  5:25  Drone  
  80  5:29  Overseer  
  80  5:32  Drone  
  80  5:33  Extractor  
  80  5:34  Drone  
  80  5:35  Drone  
  82  5:38  Evolution Chamber  
  82  5:39  Evolution Chamber  
  82  5:40  Drone x3  
  83  5:44  Drone  
  83  5:45  Drone  
  83  5:46  Drone x2  
  83  5:48  Glial Reconstitution  
  83  5:49  Drone  
  82  5:50  Drone  
  82  5:54  Drone  
  83  6:00  Drone  
  81  6:06  Drone x4  
  81  6:08  Zerg Missile Weapons Level 1, Zerg Ground Armor Level 1  
  85  6:12  Drone x6  
  85  6:18  Roach x3  
  97  6:23  Drone  
  97  6:25  Extractor x2  
  96  6:29  Drone  
  96  6:30  Spore Crawler, Overlord  
  96  6:32  Overlord  
  96  6:36  Hydralisk Den  
  96  6:39  Infestation Pit  
  94  6:41  Hatchery  
  94  6:43  Overlord x2  
  93  6:47  Burrow  
  93  6:52  Roach x3  
  101  6:54  Roach  
  101  6:58  Roach x2  
  109  7:01  Roach x2  
  109  7:02  Roach  
  109  7:07  Tunneling Claws, Muscular Augments  
  111  7:21  Drone x9  
  111  7:22  Drone  
  121  7:23  Drone  
  121  7:24  Overlord, Hive  
  121  7:26  Overlord  
  121  7:27  Overlord  
  122  7:35  Overlord x2  
  122  7:48  Hydralisk x6, Roach x2  
  132  7:52  Hydralisk x2  
  132  7:57  Hydralisk x2  
  138  8:03  Drone x5  
  138  8:04  Extractor  
  140  8:05  Extractor  
  140  8:10  Hydralisk x2  
  141  8:16  Hydralisk x2  
  141  8:18  Overseer  
  141  8:19  Hydralisk x2  
  143  8:22  Hydralisk  
  145  8:30  Spore Crawler  
  145  8:34  Hydralisk x4  
  144  8:36  Hydralisk x2  
  144  8:40  Hatchery  
  155  8:43  Viper  
  155  8:46  Roach x3  
  164  8:53  Zerg Missile Weapons Level 2  
  164  9:02  Roach x3  
  167  9:04  Overlord x4  
  167  9:13  Overlord x3  
  167  9:14  Zerg Ground Armor Level 2  
  164  9:24  Drone x3  
  164  9:26  Hydralisk x5  
  164  9:29  Viper  
  180  9:40  Drone  
  180  9:41  Spire, Drone x5  
  180  9:42  Hydralisk x2  
  189  9:54  Hydralisk x3  
  189  9:57  Extractor  
  194  10:01  Extractor  
  194  10:05  Overlord x2  
  187  10:14  Viper  
  187  10:15  Viper  
  190  10:28  Hydralisk x3  
  190  10:29  Hydralisk x2  
  198  10:42  Spore Crawler, Drone x3  
  198  10:43  Drone x2  
  198  10:44  Overseer  
  197  10:50  Drone x3  
  197  10:55  Drone x2  
  197  10:56  Greater Spire  
  200  10:59  Overlord  
  199  11:14  Zerg Missile Weapons Level 3  
  199  11:21  Hatchery  
  199  11:25  Spine Crawler x2  
  196  11:28  Viper  
  199  11:33  Evolution Chamber  
  199  11:34  Evolution Chamber x2  
  188  11:44  Corruptor x5  
  191  11:47  Zerg Ground Armor Level 3  
  191  11:54  Drone x4  
  192  11:55  Drone  
  192  12:00  Drone x2  
  192  12:01  Spine Crawler x2  
  191  12:07  Drone x3  
  191  12:08  Drone x2  
  187  12:09  Drone  
  187  12:14  Drone  
  187  12:15  Drone  
  185  12:18  Brood Lord  
  185  12:19  Drone x2  
  185  12:22  Brood Lord x2  
  195  12:23  Brood Lord x2  
  195  12:24  Viper  
  195  12:28  Zerg Flyer Weapons Level 1  
  198  12:34  Hatchery  
  198  12:35  Drone x3  
  200  12:55  Ultralisk Cavern  
  193  13:25  Roach x2  
  193  13:26  Roach  
  185  13:29  Corruptor x3  
  185  13:30  Corruptor x2  
  185  13:33  Corruptor x2  
  191  13:42  Chitinous Plating  
  191  13:46  Corruptor x2  
  187  13:53  Corruptor x3  
  181  13:59  Spire  
  181  14:02  Drone x4  
  180  14:03  Drone x2  
  180  14:04  Drone  
  180  14:05  Brood Lord x2  
  180  14:06  Brood Lord  
  180  14:07  Corruptor x5  
  199  14:15  Drone  
  200  14:17  Spore Crawler, Drone  
  200  14:18  Spine Crawler, Drone  
  200  14:30  Overseer x2  
  199  14:32  Extractor, Drone  
  199  14:35  Extractor  
  186  15:04  Hydralisk x8  
  200  15:07  Hydralisk x2  
  188  15:30  Hydralisk x6  
  196  15:37  Hydralisk x2  
  186  16:03  Hydralisk x2  
  186  16:04  Hydralisk  
  184  16:08  Hydralisk x7  
  196  16:14  Ultralisk x3  
  196  16:15  Ultralisk  
  196  16:16  Corruptor x4  
  196  16:17  Corruptor x2  
  196  16:18  Hydralisk  
  196  16:21  Hydralisk x3  
  196  16:22  Hydralisk x2  
  196  16:23  Zerg Melee Weapons Level 1  
  192  16:31  Hydralisk x2  
  192  16:33  Viper x2  
  192  16:35  Hydralisk  
  192  16:39  Overseer  
  200  16:50  Zerg Flyer Weapons Level 2  
  200  16:51  Zerg Flyer Armor Level 1  
  200  17:19  Brood Lord x2  
  200  17:54  Baneling Nest  
  129  18:14  Hydralisk  
  129  18:15  Hydralisk x14  
  129  18:16  Hydralisk x2  
  129  18:17  Hydralisk x8  
  129  18:18  Hydralisk  
  129  18:19  Roach x15  
  199  18:25  Spore Crawler  
  199  18:26  Spine Crawler, Roach  
  199  18:36  Roach  
Show
View Real Time Build Order
Export as new Build Order

GuMiho Terran 

Build Orders: Banshee Rush 

Get SALT Encoding   

  12  0:01  SCV  
  13  0:13  SCV  
  14  0:17  Supply Depot  
  14  0:25  SCV  
  15  0:38  SCV  
  15  0:40  Barracks  
  16  0:44  Refinery  
  16  0:50  SCV  
  17  1:03  SCV  
  18  1:15  SCV  
  19  1:27  Marine, Orbital Command  
  20  1:40  Command Center  
  20  1:51  Factory  
  20  1:55  SCV  
  20  2:00  Refinery  
  21  2:04  Barracks Tech Lab  
  21  2:07  SCV  
  22  2:12  Supply Depot  
  22  2:19  SCV  
  23  2:34  SCV  
  23  2:35  Hellion  
  23  2:37  Barracks Reactor, Starport  
  26  2:46  SCV  
  27  2:54  Orbital Command  
  27  2:58  SCV, Hellion  
  30  3:11  SCV  
  31  3:13  Cloaking Field  
  31  3:15  Banshee  
  34  3:28  SCV  
  34  3:29  SCV  
  34  3:30  Hellion  
  34  3:31  Hellion  
  40  3:36  Supply Depot  
  40  3:40  SCV  
  40  3:41  SCV  
  42  3:48  Supply Depot  
  42  3:54  SCV x2  
  44  3:58  Viking  
  46  4:06  SCV x2  
  46  4:08  Supply Depot  
  48  4:14  Command Center  
  48  4:18  SCV  
  48  4:19  SCV  
  50  4:28  Banshee  
  53  4:32  Cyclone  
  53  4:33  Cyclone  
  53  4:34  SCV  
  53  4:37  Refinery  
  60  4:42  Refinery  
  60  4:43  SCV  
  61  4:46  SCV  
  62  4:55  SCV  
  62  4:58  SCV  
  64  5:04  Hellion  
  64  5:05  Hellion  
  68  5:07  SCV  
  68  5:10  SCV  
  68  5:11  Armory  
  68  5:12  Factory  
  70  5:24  Supply Depot, SCV x2  
  69  5:28  Factory  
  69  5:29  Hellion x2  
  69  5:30  Banshee  
  69  5:35  Orbital Command  
  76  5:36  SCV  
  77  5:49  SCV  
  75  5:50  SCV  
  75  5:52  Hellion x2  
  79  6:01  SCV x2  
  79  6:02  SCV  
  82  6:04  Refinery  
  82  6:05  Refinery  
  82  6:09  Terran Vehicle Weapons Level 1  
  82  6:12  Factory Tech Lab  
  82  6:13  Supply Depot, Engineering Bay, SCV  
  82  6:14  Factory Tech Lab, SCV  
  82  6:18  Banshee  
  84  6:23  SCV  
  88  6:26  SCV x2, Hellion  
  94  6:35  SCV  
  94  6:38  SCV x2  
  97  6:43  Thor  
  103  6:48  Supply Depot, Thor  
  103  6:49  Supply Depot  
  103  6:50  SCV  
  103  6:52  Supply Depot  
  108  6:56  Supply Depot  
  106  7:05  SCV x3  
  109  7:09  Armory, Missile Turret  
  109  7:12  Missile Turret  
  109  7:13  Banshee  
  109  7:14  Hellion x2  
  116  7:27  Thor  
  122  7:35  Thor  
  130  7:37  Hellion x2  
  130  7:39  SCV x3  
  131  7:58  Hellion x2  
  131  8:00  Terran Vehicle And Ship Armor Level 1  
  131  8:01  Command Center  
  122  8:20  Siege Tank  
  122  8:21  Siege Tank, Banshee  
  122  8:22  Hellion x2  
  122  8:25  Terran Vehicle Weapons Level 2, Factory  
  122  8:26  Factory  
  135  8:33  SCV x3  
  138  8:39  Supply Depot  
  138  8:40  Supply Depot x2  
  137  8:48  Missile Turret x2  
  137  8:51  Widow Mine  
  139  9:00  Siege Tank x2  
  145  9:06  Hellion  
  150  9:12  Supply Depot  
  150  9:15  Supply Depot  
  150  9:20  Factory Tech Lab, Factory Reactor  
  147  9:28  Starport Reactor, Hellion x2  
  147  9:30  Infernal Pre-Igniter  
  151  9:36  Siege Tank x2  
  151  9:37  Planetary Fortress  
  154  9:43  SCV x3  
  157  9:53  Siege Tank  
  157  9:56  Hellion x2  
  157  9:57  Refinery  
  157  9:58  Refinery  
  164  10:05  Missile Turret  
  161  10:08  Siege Tank  
  158  10:15  Refinery  
  158  10:16  Terran Vehicle And Ship Armor Level 2, Sensor Tower  
  158  10:18  Siege Tank  
  161  10:23  Hellion  
  161  10:25  Siege Tank  
  143  10:29  Hellion x2  
  143  10:32  SCV x3  
  143  10:35  Hellion  
  152  10:40  Viking x2, Hellion  
  156  10:43  Command Center  
  156  10:44  Terran Vehicle Weapons Level 3, Hellion, SCV x3  
  161  10:51  Siege Tank  
  161  11:00  Siege Tank  
  162  11:07  Missile Turret x2  
  162  11:13  Viking x2  
  162  11:14  Siege Tank  
  162  11:15  Hellion x4  
  174  11:19  Starport  
  174  11:20  Starport  
  174  11:23  Siege Tank  
  177  11:32  Siege Tank  
  174  11:46  Siege Tank  
  175  12:04  Command Center x2  
  175  12:06  Viking x3  
  182  12:10  Thor  
  182  12:11  Thor  
  188  12:20  Starport Tech Lab  
  184  12:24  Hellion  
  184  12:28  Siege Tank  
  187  12:32  Sensor Tower  
  187  12:36  Planetary Fortress  
  187  12:39  Viking x2  
  187  12:40  Viking, Banshee  
  187  12:41  Hyperflight Rotors  
  192  12:53  Siege Tank  
  192  12:55  Siege Tank  
  196  13:00  Siege Tank  
  196  13:03  Refinery  
  196  13:04  Refinery  
  196  13:05  Missile Turret x2  
  199  13:06  Missile Turret  
  199  13:11  Terran Vehicle And Ship Armor Level 3  
  184  13:29  Banshee  
  184  13:30  Viking x2  
  184  13:34  Starport Tech Lab  
  197  13:48  Drilling Claws  
  195  13:58  Terran Ship Weapons Level 1  
  195  14:06  Barracks  
  199  14:10  Hellion  
  199  14:15  Corvid Reactor  
  185  14:40  Viking x2  
  185  14:42  Recalibrated Explosives  
  183  14:57  Thor x2  
  179  15:00  Thor  
  185  15:11  Viking x2  
  167  15:14  Viking  
  134  15:31  Hellion x2  
  134  15:34  Viking  
  133  15:36  Hellion  
  133  15:37  Hellion  
  133  15:40  Thor x2  
  133  15:41  Viking x2  
  150  15:43  Thor  
  150  15:47  Viking  
  156  15:53  Hellion  
  142  16:04  Viking  
  142  16:05  Thor x3  
  132  16:16  Hellion x2  
  132  16:17  Hellion  
  121  16:20  Hellion  
  121  16:22  Thor  
  121  16:25  Hellion  
  131  16:29  Hellion  
  133  16:35  Refinery  
  133  16:51  Siege Tank  
  133  16:52  Siege Tank  
  139  16:54  Raven  
  139  17:00  Raven  
  143  17:10  Orbital Command  
  143  17:24  SCV x3  
  146  17:31  Sensor Tower  
  146  17:35  Orbital Command  
  146  17:37  Raven  
  146  17:43  Raven  
  150  17:51  Viking  
  150  17:53  Viking  
  123  18:07  Thor  
  123  18:11  Hellion x2  
  115  18:14  SCV x2  
  119  18:20  Hellion  
  119  18:21  Hellion  
  119  18:25  SCV  
  119  18:26  SCV  
  123  18:40  Siege Tank  
  130  18:46  SCV  
  130  18:48  SCV  

Tags
 
Add a new tag
Caveats
  • Supply blocks, unpowered buildings, or Contaminate may cause inaccurate times.
  • Supply counts are checked every 10 seconds.